 Dungeon Crawl Stone Soup version 0.19.0-2-gae57169 (webtiles) character file.

2796 dracos369 the Frost Mage (level 10, -4/88 HPs)
             Began as a Kobold Ice Elementalist on Nov 5, 2016.
             Was a Believer of Dithmenos.
             Slain by a yak (9 damage)
             ... on level 9 of the Dungeon.
             The game lasted 01:18:06 (9761 turns).

dracos369 the Frost Mage (Kobold Ice Elementalist)  Turns: 9761, Time: 01:18:07

Health: -4/88      AC: 31    Str:  5    XL:     10   Next: 2%
Magic:  0/14       EV:  3    Int: 19    God:    Dithmenos [**....]
Gold:   93         SH:  0    Dex: 22    Spells: 5 memorised, 1 level left

rFire  + . .     SeeInvis .     x - +0 dagger
rCold  . . .     Gourm    .     (armour currently unavailable)
rNeg   + + +     Faith    .     (shield restricted)
rPois  +         Spirit   +     (helmet currently unavailable)
rElec  .         Reflect  .     (cloak currently unavailable)
rCorr  .         Harm     .     (gloves currently unavailable)
MR     +....     NoTele   +     (boots currently unavailable)
Stlth  +++++.....               u - amulet of guardian spirit
                                K - ring of protection from fire
                                e - +5 ring of dexterity

@: exhausted, icy armour, tree-form, very slightly contaminated, slowed,
wreathed by umbra, drained, invisible, very slow
A: carnivore 3, magic resistance 1, regeneration 1
a: Shadow Step, Renounce Religion


You were on level 9 of the Dungeon.
You worshipped Dithmenos.
Dithmenos was pleased with you.
You were very full.
You were a tree.
You visited 2 branches of the dungeon, and saw 10 of its levels.

You collected 474 gold pieces.
You spent 381 gold pieces at shops.

Inventory:

Hand Weapons
 a - a +0 long sword
 b - a +0 rapier
 x - a +0 dagger (weapon)
 A - a +0 spear
Armour
 g - a cursed +0 helmet (melded)
 p - a +0 helmet
 z - a +2 pair of gloves (melded)
 M - a +0 leather armour (melded)
 N - the +7 ring mail of the Blizzard {MR+ Dex+2}
   (You found it on level 8 of the Dungeon)

   It affects your dexterity (+2).
   It affects your resistance to hostile enchantments.
Jewellery
 e - a +5 ring of dexterity (left branch)
 u - an amulet of guardian spirit (around neck)
 K - a ring of protection from fire (right branch)
Wands
 i - a wand of disintegration (0/24)
 F - a wand of disintegration (11/24)
 G - a wand of lightning (10/15)
Scrolls
 d - 2 scrolls of noise {unknown}
 f - 2 scrolls of magic mapping
 h - a scroll of enchant armour {unknown}
 j - 2 scrolls of amnesia {unknown}
 n - a scroll of torment {unknown}
 o - 2 scrolls of recharging
 r - 3 scrolls of random uselessness {unknown}
 t - a scroll of enchant weapon {unknown}
 v - a scroll of blinking {unknown}
 y - a scroll of fear
 C - a scroll of fog
 D - 3 scrolls of immolation {unknown}
 L - a scroll of remove curse
Potions
 k - 2 potions of brilliance
 m - a potion of agility {unknown}
 q - a potion of cancellation
 H - 4 potions of curing
 J - a potion of might
Books
 l - a book of Frost

   Spells                             Type                      Level
   a - Freeze                         Ice                          1
   b - Throw Frost                    Conjuration/Ice              2
   c - Ozocubu's Armour               Charms/Ice                   3
   d - Throw Icicle                   Conjuration/Ice              4
   e - Summon Ice Beast               Ice/Summoning                4
Comestibles
 c - 4 meat rations
 s - 2 slices of pizza
 B - a royal jelly
 E - a beef jerky


   Skills:
 + Level 5.5 Fighting
 - Level 1.0(0.9) Armour
 - Level 4.6(4.5) Dodging
 - Level 6.9 Stealth
 - Level 3.0 Spellcasting
 + Level 3.1 Conjurations
 - Level 1.2 Charms
 + Level 4.6(4.5) Summonings
 + Level 8.6(8.5) Ice Magic
 - Level 2.0 Evocations


You had one spell level left.
You knew the following spells:

 Your Spells              Type           Power        Failure   Level  Hunger
a - Throw Icicle          Conj/Ice       ####....     14%         4    ####...
b - Summon Ice Beast      Ice/Summ       ####....     12%         4    ####...
o - Ozocubu's Armour      Chrm/Ice       ###.....     8%          3    ###....
t - Throw Frost           Conj/Ice       ####..       1%          2    ##.....
z - Freeze                Ice            ####         1%          1    None


Dungeon Overview and Level Annotations

Branches:
Dungeon (9/15)             Temple (1/1) D:5
   Lair: D:8-11         Orc: D:9-12

Altars:
Ashenzari
Cheibriados
Dithmenos
Elyvilon
Fedhas
Gozag
Hepliaklqana
Kikubaaqudgha
Makhleb
Nemelex Xobeh
Okawaru
Qazlal
Ru
Sif Muna
Trog
Uskayaw
Vehumet
Xom
Yredelemnul
Zin
The Shining One

Shops:
D:6 [[?:!   D:7 :

Annotations:
D:7 Vajrapani's ghost, novice TeFi
D:8 dobroeutro's ghost, novice GrFi
D:9 Psyche


Innate Abilities, Weirdness & Mutations

You are small and have problems with some larger weapons.
You are carnivorous and can eat meat at any time.
You are resistant to hostile enchantments. (MR+)
Your natural rate of healing is unusually fast.


Message History

You hit Psyche but do no damage.
Psyche is moderately wounded.
The yak gores you but does no damage. x2
Unknown command.
Wield which item (- for none, * to show all)? (? for menu, Esc to quit)
x - a +0 dagger (weapon)
Psyche casts a spell.
Psyche seems to speed up.
The yak gores you!
* * * LOW HITPOINT WARNING * * *
The yak gores you.
* * * LOW HITPOINT WARNING * * *
Unknown command.
You catch the helpless yak completely off-guard!
You puncture the yak!
The yak is moderately wounded.
Psyche hits you but does no damage. x2; The yak gores you but does no damage.
Psyche gestures at you while chanting.
Helpless, you fail to dodge the puff of frost.
The yak gores you!
You die...

## .. .# #.
#.##...
#####Y....
####...YY.#
#.....@♣#
#.###.#.# #
#.# #.# #.#
..# .## .


You could see Psyche and 3 yaks.

Vanquished Creatures
  The ghost of Enish the Spear-Bearer, a novice MfAK of Lugonu (D:5)
  An orc warrior (D:8)
  2 phantoms
  6 ogres
  3 centaurs
  A bullfrog (D:7)
  A wyvern zombie (D:8)
  A scorpion (D:4)
  2 killer bees (D:6)
  2 howler monkeys
  A crimson imp (D:5)
  A centaur zombie (D:5)
  A bullfrog zombie (D:5)
  2 hounds (D:4)
  A jelly (D:7)
  A bullfrog skeleton (D:7)
  3 orc priests
  4 iguanas
  Ijyb (D:2)
  6 orc wizards
  6 worker ants
  A hound zombie (D:5)
  A hound skeleton (D:4)
  11 gnolls
  8 adders
  3 shadow imps
  An ooze (D:1)
  An adder zombie (D:9)
  3 adder skeletons
  3 worms
  4 dart slugs
  2 leopard geckos
  27 orcs
  7 giant cockroaches
  6 goblins
  8 hobgoblins
  11 jackals
  12 kobolds
  3 quokkas
  3 ball pythons
  4 bats
  8 frilled lizards
  A leopard gecko skeleton (D:6)
  2 leopard gecko zombies
  12 rats
189 creatures vanquished.

Vanquished Creatures (collateral kills)
  A black bear (D:7)
  A big kobold (D:7)
  A worker ant (D:7)
  4 orcs (D:7)
  3 kobolds (D:7)
10 creatures vanquished.

Grand Total: 199 creatures vanquished

Notes
Turn   | Place    | Note
-------+----------+-------------------------------------------
     0 | D:1      | dracos369 the Kobold Ice Elementalist began the quest for the Orb.
     0 | D:1      | Reached XP level 1. HP: 10/10 MP: 3/3
   194 | D:1      | Reached XP level 2. HP: 15/15 MP: 0/5
   383 | D:1      | Reached skill level 4 in Ice Magic
   383 | D:1      | Reached XP level 3. HP: 18/19 MP: 0/6
   387 | D:1      | Learned a level 2 spell: Throw Frost
   391 | D:1      | Learned a level 3 spell: Ozocubu's Armour
   753 | D:2      | Noticed Ijyb
   828 | D:2      | Killed Ijyb
   828 | D:2      | Reached XP level 4. HP: 20/24 MP: 0/7
   908 | D:2      | Reached skill level 5 in Ice Magic
  1668 | D:3      | Reached XP level 5. HP: 28/28 MP: 2/8
  2380 | D:3      | Found a shimmering altar of Xom.
  2383 | D:3      | Found a shimmering altar of Xom.
  2383 | D:3      | Found a shimmering altar of Xom.
  2385 | D:3      | Found a shimmering altar of Xom.
  2385 | D:3      | Found a shimmering altar of Xom.
  2479 | D:4      | Reached skill level 6 in Ice Magic
  2588 | D:3      | Reached XP level 6. HP: 20/32 MP: 5/9
  3364 | D:4      | Noticed an ogre
  3370 | D:5      | Entered Level 5 of the Dungeon
  3370 | D:5      | Found a staircase to the Ecumenical Temple.
  3377 | Temple   | Entered the Ecumenical Temple
  3392 | Temple   | Became a worshipper of Dithmenos the Shadowed
  3743 | D:4      | Killed an ogre
  3743 | D:4      | Reached skill level 5 in Stealth
  4044 | D:4      | Reached XP level 7. HP: 37/37 MP: 5/10
  4099 | D:4      | Reached skill level 1 in Fighting
  4444 | D:4      | Reached * piety under Dithmenos
  4745 | D:4      | Learned a level 4 spell: Summon Ice Beast
  4880 | D:5      | Noticed Enish's ghost (novice MfAK)
  5068 | D:5      | Reached XP level 8. HP: 36/45 MP: 5/12
  5320 | D:5      | Reached skill level 1 in Summonings
  5801 | D:6      | Found Uheemy's Armour Boutique.
  5853 | D:6      | Reached skill level 7 in Ice Magic
  6070 | D:6      | Found Jyalec's Armour Shop.
  6134 | D:6      | Found Paewneog's Magic Scroll Boutique.
  6145 | D:6      | Bought a scroll of recharging for 95 gold pieces
  6145 | D:6      | Bought a scroll of fear for 35 gold pieces
  6145 | D:6      | Bought a scroll of fog for 20 gold pieces
  6292 | D:6      | Found Enaulol's Book Boutique.
  6395 | D:6      | Found a bloodstained altar of Trog.
  6403 | D:6      | Identified a -1 rod of clouds (10/10) (You found it on level 6 of the Dungeon)
  6435 | D:6      | Found a stormy altar of Qazlal.
  6446 | D:6      | Found a burning altar of Makhleb.
  6628 | D:6      | Found Pinanum's Distillery.
  6633 | D:6      | Bought 2 potions of curing for 84 gold pieces
  6633 | D:6      | Bought a potion of degeneration for 14 gold pieces
  6633 | D:6      | Bought a potion of curing for 42 gold pieces
  6633 | D:6      | Bought a potion of mutation for 35 gold pieces
  6633 | D:6      | Bought a potion of might for 56 gold pieces
  6635 | D:6      | Gained mutation: Your natural rate of healing is unusually fast. [potion of mutation]
  6635 | D:6      | Gained mutation: You are resistant to hostile enchantments. (MR+) [potion of mutation]
  7025 | D:7      | Noticed Vajrapani's ghost (novice TeFi)
  7122 | D:6      | Reached XP level 9. HP: 50/52 MP: 4/13
  7445 | D:5      | Reached skill level 8 in Ice Magic
  7501 | D:5      | Learned a level 4 spell: Throw Icicle
  7636 | D:5      | Killed Enish's ghost
  7636 | D:5      | Reached skill level 1 in Evocations
  7725 | D:7      | Found Asapnira's Book Shop.
  7733 | D:7      | Reached ** piety under Dithmenos
  8657 | D:8      | Reached skill level 5 in Fighting
  8657 | D:8      | Reached skill level 1 in Charms
  9049 | D:8      | Got a transparent ring mail
  9051 | D:8      | Identified the +7 ring mail of the Blizzard {MR+ Dex+2} (You found it on level 8 of the Dungeon)
  9074 | D:8      | Noticed dobroeutro's ghost (novice GrFi)
  9160 | D:7      | Noticed a balrug
  9367 | D:8      | Reached skill level 1 in Armour
  9369 | D:8      | Reached XP level 10. HP: 53/59 MP: 4/14
  9533 | D:8      | Noticed Psyche
  9760 | D:9      | HP: 4/88 [yak (1)]
  9761 | D:9      | Slain by a yak

Skill      XL: |  1  2  3  4  5  6  7  8  9 10 |
---------------+-------------------------------+-----
Ice Magic      | 4 5 6 7 8 |  8.6
Stealth        | 5 6 |  6.9
Fighting       | 2 3 5 |  5.5
Dodging        | 3 4 |  4.6
Spellcasting   | 3 |  3.0
Summonings     | 3 4 |  4.6
Evocations     | 2 |  2.0
Conjurations   | 2 3 |  3.1
Charms         | 1 |  1.2
Armour         | 1 |  1.0

Action                   |  1- 3 |  4- 6 |  7- 9 | 10-12 || total
-------------------------+-------+-------+-------+-------++-------
Melee: Spear             |    38 |   105 |    56 |    23 ||   222
       Rapier            |       |       |    24 |       ||    24
       Long sword        |       |       |   139 |    20 ||   159
       Dagger            |       |       |     9 |     3 ||    12
 Cast: Freeze            |    35 |    89 |   170 |     8 ||   302
       Ozocubu's Armour  |     1 |     8 |    12 |     1 ||    22
       Throw Frost       |       |     8 |    43 |       ||    51
       Summon Ice Beast  |       |       |     7 |     3 ||    10
Evoke: Wand              |       |     2 |    13 |     2 ||    17
  Use: Scroll            |       |       |    15 |     1 ||    16
       Potion            |       |       |     5 |     3 ||     8
 Stab: Sleeping          |     5 |    13 |    14 |       ||    32
       Distracted        |     1 |       |     1 |       ||     2
       Invisible         |       |       |       |     1 ||     1
  Eat: Chunk             |     9 |    13 |    22 |     1 ||    45
Armor: Robe              |     9 |       |       |       ||     9
       Leather armour    |       |    31 |    86 |     3 ||   120
       Ring mail         |       |       |    17 |    12 ||    29
       Skin              |       |       |       |    71 ||    71
Dodge: Dodged            |    27 |   104 |   416 |    53 ||   600
       Rpst.: Long sword |       |       |    86 |     8 ||    94
